 Dungeon Crawl Stone Soup version 0.29.1-13-g9f3cf754e1 (webtiles) character file.

Game seed: 6917923280411535837

325 cdecastro the Vexing (level 6, 0/42 HPs)
             Began as a Spriggan Enchanter on Feb 6, 2023.
             Succumbed to Eustachio's poison
             ... on level 3 of the Dungeon on Feb 7, 2023.
             The game lasted 00:08:42 (4627 turns).

cdecastro the Vexing (Spriggan Enchanter)           Turns: 4627, Time: 00:08:43

Health: 0/42       AC: 23    Str:  6    XL:     6   Next: 24%
Magic:  9/11       EV:  4    Int: 17    God:
Gold:   169        SH:  0    Dex: 15    Spells: 2/10 levels left

rFire   . . .      SeeInvis +   a - +1 dagger
rCold   . . .      Faith    .   (no shield)
rNeg    . . .      Spirit   .   (body armour currently unavailable)
rPois   +          Reflect  .   (helmet currently unavailable)
rElec   .          Harm     .   (cloak currently unavailable)
rCorr   .          Rampage  .   (gloves unavailable)
Will    +....      NoTele   +   (boots unavailable)
Stlth   ++++......              (no amulet)
HPRegen 0.14/turn               g - +4 ring of evasion
MPRegen 0.12/turn               (no ring)

@: mighty, brilliant, lethally poisoned (0 -> -3), tree-form
A: stationary, stasis, torment immunity, boosted hp, very small, no large
weapons, unfitting armour, see invisible, (speed 3)
a: no special abilities


You were on level 3 of the Dungeon.
You were a tree.
You visited 1 branch of the dungeon, and saw 4 of its levels.

You collected 169 gold pieces.

Inventory:

Hand Weapons
 a - a +1 dagger (weapon)
Missiles
 e - 2 datura-tipped darts
 x - 3 boomerangs
Armour
 b - a +0 robe (melded)
 q - a +2 cloak of willpower
Jewellery
 g - a +4 ring of evasion (left branch)
 h - a ring of ice
Wands
 t - a wand of flame (20)
Scrolls
 d - 4 scrolls of identify {unknown}
 f - a scroll of fear {unknown}
 k - a scroll of noise {unknown}
 m - a scroll of immolation {unknown}
 n - 5 scrolls of magic mapping {unknown}
 o - a scroll of enchant weapon {unknown}
 r - a scroll of poison {unknown}
 s - a scroll of amnesia {unknown}
 v - a scroll of vulnerability {unknown}
Potions
 c - 2 potions of invisibility
 p - a potion of lignification
 u - a potion of mutation {unknown}
 w - a potion of haste {unknown}


   Skills:
 - Level 1.1 Short Blades
 - Level 2.6 Dodging
 + Level 7.2 Stealth
 - Level 2.6 Spellcasting
 * Level 7.3 Hexes


You had 2 spell levels left.
You knew the following spells:

 Your Spells              Type           Power      Damage    Failure   Level
a - Ensorcelled Hibernat  Hex/Ice        44%        N/A       6%          2
b - Confusing Touch       Hex            40%        N/A       2%          3
c - Tukima's Dance        Hex            40%        N/A       2%          3

Your spell library contained the following spells:

 Spells                   Type           Power      Damage    Failure   Level
 Dazzling Flash           Conj/Hex       44%        N/A       12%         3
 Anguish                  Hex/Necr       11%        N/A       38%         4
 Spider Form              Tmut/Pois      3%         N/A       47%         3


Dungeon Overview and Level Annotations

Branches:
Dungeon (4/15)
 Temple: D:4-7

Altars:
Zin

Annotations:
D:4 Eustachio


Innate Abilities, Weirdness & Mutations

You are a tree.
Your roots penetrate the ground, keeping you stationary.
You cannot be teleported.
You are immune to unholy pain and torment.
Your maximum health is greatly increased.
Your equipment is partially melded.
You are very small and have problems with some larger weapons.
You are too small for most types of armour.
You have supernaturally acute eyesight. (SInv)
((You cover ground extremely quickly. (Speed+++)))


Message History

Eustachio barely misses you.
You feel better.
Eustachio hits you with a +4 rapier of venom.
You are lethally poisoned!
Okay, then.
Unknown command.
You hit Eustachio.
Eustachio is lightly wounded.
* * * LOW HITPOINT WARNING * * *
You feel very sick.
Eustachio barely misses himself.
You catch the helpless Eustachio completely off-guard!
You puncture Eustachio!
Eustachio is heavily wounded.
* * * LOW HITPOINT WARNING * * *
You feel very sick.
Okay, then.
Unknown command.
It was a potion of brilliance.
You feel clever all of a sudden.
* * * LOW HITPOINT WARNING * * *
You feel sick.
* * * LOW HITPOINT WARNING * * *
You feel sick.
There is a stone staircase leading up here.
* * * LOW HITPOINT WARNING * * *
You feel sick.
You climb upwards.
* * * LOW HITPOINT WARNING * * *
You feel sick.
There is a stone staircase leading down here.
It was a potion of might.
You feel very mighty all of a sudden.
* * * LOW HITPOINT WARNING * * *
You feel sick.
It was a potion of lignification.
You turn into a tree.
Your +0 robe melds into your body.
Your roots penetrate the ground.
* * * LOW HITPOINT WARNING * * *
You feel sick.
You die...

#.# #.# #........... #.# #.#
#........... #.#####.#
#.......(... #.....#.#
#........... ##########.......#
#...........
#<.[.............#####...........
###########............##########
#.).....###### #.[...♣.#
#......### ###......##
#.##....#############
#####.####............†..
#......# #..#.###########
#......###..#.# #......#......#
#####(##.)....###


There were no monsters in sight!

Vanquished Creatures
  A phantom (D:3)
  A scorpion (D:2)
  Natasha (thrice) (D:3)
  5 adders
  A dart slug (D:2)
  An orc (D:3)
  4 bats
  9 endoplasms
  6 giant cockroaches
  4 goblins
  4 hobgoblins
  7 jackals
  5 quokkas
  3 ball pythons (D:3)
  4 frilled lizards
  4 kobolds
  7 rats
69 creatures vanquished.

Notes
Turn   | Place    | Note
-------+----------+-------------------------------------------
     0 | D:1      | cdecastro the Spriggan Enchanter began the quest for the
                  | Orb.
     0 | D:1      | Reached XP level 1. HP: 9/9 MP: 5/5
   819 | D:1      | Reached XP level 2. HP: 10/13 MP: 6/6
  1081 | D:1      | Found a faded altar of an unknown god.
  1750 | D:2      | Reached skill level 5 in Stealth
  1760 | D:1      | Learned a level 2 spell: Ensorcelled Hibernation
  1917 | D:2      | Reached XP level 3. HP: 13/16 MP: 1/8
  2233 | D:2      | Reached skill level 5 in Hexes
  2280 | D:2      | Noticed a scorpion
  2305 | D:2      | Killed a scorpion
  2306 | D:2      | Reached XP level 4. HP: 21/21 MP: 6/9
  2479 | D:2      | Learned a level 3 spell: Confusing Touch
  2822 | D:2      | Reached XP level 5. HP: 12/24 MP: 10/10
  3095 | D:2      | Found a glowing silver altar of Zin.
  3122 | D:2      | Identified the +1 whip "Giades" {vamp, Will+ Int+2}
  3180 | D:2      | Learned a level 3 spell: Tukima's Dance
  3200 | D:3      | Noticed Natasha
  3213 | D:3      | Killed Natasha
  3362 | D:3      | Noticed Natasha
  3591 | D:3      | Killed Natasha
  3850 | D:3      | Noticed Natasha
  3855 | D:3      | Killed Natasha
  4075 | D:3      | Noticed a phantom
  4098 | D:3      | Killed a phantom
  4099 | D:3      | Reached XP level 6. HP: 19/28 MP: 9/11
  4608 | D:4      | Noticed Eustachio
  4625 | D:3      | HP: 1/28 [poisoned by Eustachio]
  4627 | D:3      | Succumbed to Eustachio's poison

Illustrated notes

Levels and vault maps discovered:
D:1:      saegor_arrival_fortress, layout_basic,
          shapermc_ecumenical_altar_hornbeckon
D:2:      minmay_spotlight, layout_basic, basic_altar
D:3:      layout_basic, nrook_campfire, minmay_misc_feat_columns, uniq_natasha
D:4:      layout_loops_cross, lemuel_round_altar, uniq_ijyb, uniq_grinder,
          uniq_eustachio

Skill      XL: |  1  2  3  4  5 |
---------------+----------------+-----
Hexes          | 4 5 6 7 |  7.3
Stealth        | 5 6 7 |  7.2
Short Blades   | |  1.1
Dodging        | |  2.6
Spellcasting   | |  2.6

Action                   |  1- 3 |  4- 6 || total
-------------------------+-------+-------++-------
Melee: Dagger            |    84 |   159 ||   243
       Punch             |       |     2 ||     2
 Cast: Ensorcelled Hiber |     7 |    11 ||    18
       Confusing Touch   |       |     7 ||     7
  Use: Potion            |     3 |     4 ||     7
 Stab: Sleeping          |    14 |    14 ||    28
       Invisible         |     1 |       ||     1
       Confused          |       |     7 ||     7
Armor: Robe              |     5 |     6 ||    11
Dodge: Dodged            |    55 |   116 ||   171
